 Dungeon Crawl Stone Soup version 0.18-a0-992-gbe4b983 (webtiles) character file.

183 Sodium1970 the Slasher (level 5, 0/41 HPs)
             Began as a Human Fighter on Jan 4, 2016.
             Killed by nerve-wracking pain
             ... invoked by Grinder
              (3 damage)
             ... on level 3 of the Dungeon.
             The game lasted 00:06:56 (2239 turns).

Sodium1970 the Slasher (Human Fighter)              Turns: 2239, Time: 00:06:56

Health: 0/41       AC: 10    Str: 17    XL:     5   Next: 94%
Magic:  5/5        EV:  4    Int: 14    God:
Gold:   97         SH:  9    Dex: 12    Spells: 0 memorised, 4 levels left

rFire  . . .     SeeInvis .     a - +0 long sword
rCold  . . .     Gourm    .     t - +0 chain mail
rNeg   . . .     Faith    .     c - +0 shield
rPois  .         Spirit   .     (no helmet)
rElec  .         Dismiss  .     (no cloak)
rCorr  .         Reflect  .     o - +0 pair of gloves
SustAt .         Harm     .     (no boots)
MR     .....                    (no amulet)
Stlth  ..........               (no ring)
                                (no ring)

@: brilliant, not resistant to hostile enchantments, extremely unstealthy
A: no striking features
a: no special abilities


You were on level 3 of the Dungeon.
You were not hungry.

You visited 1 branch of the dungeon, and saw 3 of its levels.

You collected 97 gold pieces.

Inventory:

Hand Weapons
 a - a +0 long sword (weapon)
Armour
 c - a +0 shield (worn)
 o - a +0 pair of gloves (worn)
 t - a +0 chain mail (worn)
Scrolls
 b - a scroll of recharging {unknown}
 g - a scroll of enchant weapon {unknown}
 h - 4 scrolls of enchant armour {unknown}
 i - 2 scrolls of fog {unknown}
 j - a scroll of identify {unknown}
 k - a scroll of magic mapping {unknown}
 n - a scroll of noise {unknown}
 r - a scroll of remove curse {unknown}
 s - 2 scrolls of random uselessness {unknown}
Potions
 d - a potion of might
 e - 2 potions of brilliance
 l - a potion of agility {unknown}
 m - a potion of magic {unknown}
 p - 3 potions of heal wounds {unknown}
 q - a potion of flight {unknown}
Comestibles
 f - 3 bread rations


   Skills:
 + Level 3.1 Fighting
 + Level 5.2 Long Blades
 + Level 3.1 Armour
 + Level 0.8 Dodging
 + Level 3.1 Shields


You had 4 spell levels left.
You didn't know any spells.

Dungeon Overview and Level Annotations

Branches:
Dungeon (3/15)

Altars:

Annotations:
D:3 Grinder


Message History

Grinder hits you.
You writhe in agony.
* * * LOW HITPOINT WARNING * * *
You hit Grinder.
Grinder is severely wounded.
Grinder hits you.
* * * LOW HITPOINT WARNING * * *
You writhe in agony. x2
You hit Grinder.
Grinder is severely wounded.
Grinder hits you.
* * * LOW HITPOINT WARNING * * *
You writhe in agony.
* * * LOW HITPOINT WARNING * * *
Grinder barely misses you.
Drink which item? (? for menu, Esc to quit)
It was a potion of brilliance.
You feel clever all of a sudden. Grinder gestures at you.
Pain shoots through your body!
You die...

#..###.#.##...............
#.##........†#......######
#.#.##..#.#.#.##..#.#...##
#......))...#.....#.##.##
###.......#######.#.##>#
##.#.#########>......#
#.#.. .........#.####
#.###########.#...#########
# ......5@..#...........##
###########...######..†#
##### #.#.. #.(.# #####


You could see Grinder.

Vanquished Creatures
  A hound (D:3)
  Terence (D:2)
  Natasha (D:2)
  2 adders (D:2)
  A worm (D:3)
  4 giant geckos
  6 orcs (D:3)
  3 bats
  3 giant cockroaches (D:2)
  8 goblins
  9 hobgoblins
  8 jackals
  6 giant newts
  6 kobolds
  10 rats
69 creatures vanquished.

Notes
Turn   | Place    | Note
--------------------------------------------------------------
     0 | D:1      | Sodium1970 the Human Fighter began the quest for the Orb.
     0 | D:1      | Reached XP level 1. HP: 18/18 MP: 1/1
   121 | D:1      | Reached XP level 2. HP: 16/24 MP: 2/2
   340 | D:1      | You fall through a shaft!
   494 | D:2      | Reached XP level 3. HP: 29/29 MP: 3/3
   927 | D:2      | Reached XP level 4. HP: 35/35 MP: 4/4
   954 | D:2      | Noticed Terence
   961 | D:2      | Reached skill level 4 in Long Blades
   976 | D:2      | Killed Terence
  1596 | D:2      | Noticed Natasha
  1602 | D:2      | Killed Natasha
  1602 | D:2      | Reached XP level 5. HP: 39/41 MP: 5/5
  1700 | D:3      | Reached skill level 5 in Long Blades
  2224 | D:3      | Noticed Grinder
  2229 | D:3      | Paralysed by Grinder for 5 turns
  2238 | D:3      | HP: 2/41 [Grinder (4)]
  2239 | D:3      | Killed from afar by Grinder

Vault maps used:
D:1:      lightli_arrival_noodles
D:2:      uniq_terence, uniq_natasha
D:3:      uniq_grinder

Action                   |  1- 3 |  4- 6 || total
-------------------------+-------+-------++-------
Melee: Long sword        |   117 |   191 ||   308
  Use: Potion            |       |     1 ||     1
  Eat: Fruit             |       |     1 ||     1
       Beef jerky        |       |     1 ||     1
       Bread ration      |       |     1 ||     1
